 Dungeon Crawl Stone Soup version 0.26-a0-639-g72c4674329 (webtiles) character file.

Game seed: 12981076314611523316

32 MrRokkomies the Sneak (level 2, -5/26 HPs)
             Began as a Demigod Delver on Sept 15, 2020.
             Killed from afar by a white imp (8 damage)
             ... with a puff of frost
             ... on level 5 of the Dungeon.
             The game lasted 00:00:37 (105 turns).

MrRokkomies the Sneak (Demigod Delver)               Turns: 105, Time: 00:00:38

Health: -5/26      AC:  3    Str: 15    XL:     2   Next: 96%
Magic:  4/4        EV: 12    Int: 14    God:
Gold:   6          SH:  0    Dex: 17    Spells: 1/1 levels left

rFire    . . .     SeeInvis .   a - +0 falchion
rCold    . . .     Faith    .   (no shield)
rNeg     . . .     Spirit   .   b - +0 leather armour
rPois    .         Reflect  .   (no helmet)
rElec    .         Harm     .   (no cloak)
rCorr    .         Rampage  .   (no gloves)
MR       .....                  (no boots)
Stlth    +++.......             (no amulet)
HPRegen  0.08/turn              (no ring)
MPRegen  0.09/turn              (no ring)

@: no status effects
A: high mp 1
a: no special abilities


You were on level 5 of the Dungeon.
You visited 1 branch of the dungeon, and saw 1 of its levels.

You collected 6 gold pieces.

Inventory:

Hand Weapons
 a - a +0 falchion (weapon)
Armour
 b - a +0 leather armour (worn)
Jewellery
 h - an uncursed amulet of reflection {unknown}
Wands
 g - a wand of digging (3)
Scrolls
 c - a scroll of fog
 d - a scroll of magic mapping
 e - a scroll of fear
Potions
 f - a potion of haste


   Skills:
 * Level 3.2 Fighting
 * Level 2.4 Long Blades
 + Level 2.1 Dodging
 - Level 4.5 Stealth


You had one spell level left.
You didn't know any spells.
Your spell library was empty.

Dungeon Overview and Level Annotations

Branches:
Dungeon (5/15)             Temple (0/1) D:5


Innate Abilities, Weirdness & Mutations

You have an increased reservoir of magic. (+10% MP)


Message History

a hound corpse
As you read the scroll labeled UREHAICKAEMAA, it crumbles to dust.
You feel blessed for a moment.
It was a scroll of remove curse.
As you read the scroll of magic mapping, it crumbles to dust.
You feel aware of your surroundings.
You sensed 1 shop/portal.
Found 12 gold pieces.
A white imp comes into view.
Found a stone staircase leading up.
You are too injured to fight recklessly!
You are too injured to fight recklessly!
You are too injured to fight recklessly!
The white imp gestures at you. The puff of frost hits you.
* * * LOW HITPOINT WARNING * * *
You hear the slow hiss of a distant avalanche of sand.
An orc comes into view. It is wielding a +0 dagger.
Found a dazzling hunting sling.
The white imp gestures at you. The puff of frost hits you!
You die...

#.##.#**#.# #.##..,,..#
#####.#####*###****
#.........#,,,,,,,*
#.###.###.#,*****,*
#.....# *,*,* *,*
#5##..###.*,*****,*
#.##<.....,,,,,,*,*
*******#.@.....#,*,***,*,*
*,.......)#...##,*,,,,,,,*
*,######.o.,.....*****,***
*,* #.##.,####* *,,,* *,*
#..,..* ***,* *,* ###**+#*
*,* *,* **,,,**********,*
********,**
**,,,,,,,,,,,,,,,*
*,,,,,,,,,**
**,,,,<,,***≈***,,*


You could see a white imp and an orc (asleep).

Vanquished Creatures
  A hound (D:5)
  A quokka (D:5)
2 creatures vanquished.

Notes
Turn   | Place    | Note
-------+----------+-------------------------------------------
     0 | D:5      | MrRokkomies the Demigod Delver began the quest for the Orb.
     0 | D:5      | Reached XP level 1. HP: 18/18 MP: 3/3
    45 | D:5      | Noticed a hound
    56 | D:5      | Killed a hound
    56 | D:5      | Reached XP level 2. HP: 5/26 MP: 4/4
   105 | D:5      | Killed from afar by a white imp

Illustrated notes

Levels and vault maps discovered:
D:5:      layout_loops_corners, minmay_temple_entry_overgrown,
          nicolae_ossuary_entry_ruins, grunt_decor_cap

Skill      XL: |  1 |
---------------+----+-----
Fighting       | 3 |  3.2
Long Blades    | 2 |  2.4
Dodging        | 2 |  2.1
Stealth        | |  4.5

Action                   || total
-------------------------++-------
Melee: Falchion          ||    13
  Use: Scroll            ||     2
Armor: Leather armour    ||     2
Dodge: Dodged            ||    13
       Rpst.: Falchion   ||     4

Table legend: (Time is in decaauts)
 A = Elapsed time spent in this place.
 B = Non-inter-level travel time spent in this place.
 C = Inter-level travel time spent in this place.
 D = Time resting spent in this place.
 E = Time spent auto-exploring this place.
 F = Levels seen in this place.
 G = Mean time per level.
                   A        B        C        D        E       F      G
               +--------+--------+--------+--------+--------+-----+--------+
         Total |    107 |     73 |     34 |      0 |     34 |   1 |  107.0 |
       Dungeon |    107 |     73 |     34 |      0 |     34 |   1 |  107.0 |
               +--------+--------+--------+--------+--------+-----+--------+

Top non-repeatable levels by time:
     D:5: 107 daAuts
